[Event "FIDE Open Sachove Univerzity QCC"]
[Site "Ceske Budejovice"]
[Date "2020.07.03"]
[Round "3.14"]
[White "Vavrousek, Petr"]
[Black "Jodas, Daniel"]
[Result "1-0"]
[ECO "B57"]
[WhiteElo "1605"]
[BlackElo "1608"]
[Annotator "NA"]
[PlyCount "67"]
[EventDate "2020.07.01"]
[EventType "swiss"]
[EventCountry "CZE"]
[SourceTitle "playchess.com"]
[Source "ChessBase"]
[SourceQuality "1"]
[TimeControl "40/5400+30:1800+30"]

1. e4 c5 2. Nf3 d6 3. d4 cxd4 4. Nxd4 Nc6 5. Bc4 Nf6 6. Nc3 a6 7. Be3 Bd7 8. f3 e6 9. Qe2 b5 10. Nxc6 Bxc6 11. Bb3 Be7 12. O-O-O Qc7 13. g4 b4 14. Na4 Bb5 15. Qf2 Qc6 16. Nb6 Rb8 17. g5 Nd7 18. Nxd7 Kxd7 19. Kb1 a5 20. c3 bxc3 21. Rc1 Bd3+ 22. Ka1 cxb2+ 23. Qxb2 Qb5 24. Qd4 Qb4 25. Qxd3 Rhc8 26. Rc4 Rxc4 27. Qxc4 Qb7 28. Rc1 Kd8 29. h4 Ke8 30. Qc6+ Qxc6 31. Rxc6 e5 32. Ra6 Rc8 33. Rxa5 Rc3 34. Ba4+ 1-0

[Event "FIDE Open Sachove Univerzity QCC"]
[Site "Ceske Budejovice"]
[Date "2020.07.03"]
[Round "3.15"]
[White "Kroulik, Vaclav"]
[Black "Zachar, Jaroslav"]
[Result "1-0"]
[ECO "C10"]
[WhiteElo "1442"]
[BlackElo "1831"]
[Annotator "NA"]
[PlyCount "87"]
[EventDate "2020.07.01"]
[EventType "swiss"]
[EventCountry "CZE"]
[SourceTitle "playchess.com"]
[Source "ChessBase"]
[SourceQuality "1"]
[TimeControl "40/5400+30:1800+30"]

1. e4 e6 2. d4 d5 3. Nc3 dxe4 4. Nxe4 Nd7 5. Nf3 Ngf6 6. Bg5 Be7 7. Nxf6+ Nxf6 8. Bd3 c5 9. c3 cxd4 10. Nxd4 O-O 11. O-O e5 {[%emt 0:17:10] C10: French with 3 Nc3: Unusual Black 3rd moves and 3...dxe4.} 12. Nf5 Bxf5 13. Bxf5 {[%emt 0:00:35] [#]} Re8 $146 ({Predecessor:} 13... Qb6 14. Qb3 Qxb3 15. axb3 Nd5 16. Bxe7 Nxe7 17. Be4 Nc6 18. Bxc6 bxc6 19. Ra6 Rfc8 20. Rd1 Rd8 21. Rxd8+ Rxd8 22. Kf1 Rd2 23. Rxa7 {1-0 (23) Ferrante,F (2092)-Puleio,B (1811) Palermo 2004}) 14. Qc2 g6 15. Rad1 Qb6 16. Bh3 Nh5 17. Be3 Bc5 18. Bxc5 Qxc5 19. g3 b5 (19... Rad8 $11) 20. Bg2 Rac8 21. Rd5 Qc4 22. a3 Nf6 23. Rd6 Kg7 24. Rfd1 Rc7 25. Bf1 Qc5 26. Qe2 Rb8 27. Qf3 Ne8 28. R1d5 Nxd6 29. Rxc5 Rxc5 30. Qd3 Ne8 $16 (30... Rb6 $11 {keeps the balance.}) 31. Qd7 Rc7 32. Qd5 Re7 33. Bxb5 Nf6 34. Qd6 Reb7 35. c4 e4 36. b4 Rb6 37. Qd4 a6 38. Ba4 R8b7 39. c5 Re6 40. Bb3 Rd7 41. Qc3 Rd3 42. Qc2 Rc6 43. Bc4 Rxa3 44. Qb2 1-0

[Event "FIDE Open Sachove Univerzity QCC"]
[Site "Ceske Budejovice"]
[Date "2020.07.03"]
[Round "3.16"]
[White "Stary, Vojtech"]
[Black "Sobotka, Radim"]
[Result "0-1"]
[ECO "B01"]
[WhiteElo "1422"]
[BlackElo "1764"]
[Annotator "NA"]
[PlyCount "162"]
[EventDate "2020.07.01"]
[EventType "swiss"]
[EventCountry "CZE"]
[SourceTitle "playchess.com"]
[Source "ChessBase"]
[SourceQuality "1"]
[TimeControl "40/5400+30:1800+30"]

1. e4 d5 2. exd5 Qxd5 3. Nc3 Qa5 4. Nf3 c6 5. d4 Bf5 6. Bd2 e6 7. Bc4 Nd7 8. O-O Ngf6 9. Nd5 Qd8 10. Nxf6+ Nxf6 11. c3 Bd6 12. Re1 O-O 13. Bg5 Be7 14. Ne5 Nd7 15. Nxd7 Qxd7 16. Bxe7 Qxe7 17. Bd3 Bxd3 18. Qxd3 Rfd8 19. Qc2 Rd5 20. Rad1 Rad8 21. Qe2 Qd7 22. Rc1 c5 23. dxc5 Rd2 24. Qg4 Rxb2 25. Rcd1 Rd2 26. Rxd2 Qxd2 27. Qe4 Qxc3 28. Qe3 Qxe3 29. fxe3 Kf8 30. Rb1 Rd7 31. Kf2 Rc7 32. Kf3 Ke7 33. Ke4 Rd7 34. Rb2 g5 35. Rc2 f5+ 36. Kf3 Rc7 37. e4 Kf6 38. h3 b6 39. c6 Ke5 40. exf5 exf5 41. Rd2 Rxc6 42. Rd7 Rc3+ 43. Kf2 Rc2+ 44. Kf3 Rxa2 45. Rxh7 b5 46. Rc7 Kd6 47. Rg7 Ra3+ 48. Kf2 b4 49. Rxg5 Ke6 50. Rg8 a5 51. Ra8 a4 52. Ra6+ Kf7 53. Ra7+ Kf6 54. Ra6+ Kg5 55. Ke1 Ra1+ 56. Kd2 Ra2+ 57. Kc1 Rxg2 58. Rxa4 Rh2 59. Rxb4 Rxh3 60. Kd2 Rh4 61. Rb8 Re4 62. Rg8+ Kf4 63. Rh8 Kg3 64. Rg8+ Kf3 65. Rg5 f4 66. Rf5 Re8 67. Rf6 Kg3 68. Rf7 f3 69. Rg7+ Kf2 70. Rf7 Rd8+ 71. Kc2 Kg2 72. Rg7+ Kf1 73. Rf7 f2 74. Rg7 Rd5 75. Re7 Kg2 76. Rg7+ Kf3 77. Rf7+ Ke3 78. Rf8 Rd4 79. Rf7 Rf4 80. Re7+ Kf3 81. Kd2 f1=Q 0-1

[Event "FIDE Open Sachove Univerzity QCC"]
[Site "Ceske Budejovice"]
[Date "2020.07.03"]
[Round "3.17"]
[White "Valasek, Jakub"]
[Black "Zezula, Jakub"]
[Result "1/2-1/2"]
[ECO "B01"]
[WhiteElo "1688"]
[BlackElo "1449"]
[Annotator "NA"]
[PlyCount "74"]
[EventDate "2020.07.01"]
[EventType "swiss"]
[EventCountry "CZE"]
[SourceTitle "playchess.com"]
[Source "ChessBase"]
[SourceQuality "1"]
[TimeControl "40/5400+30:1800+30"]

1. e4 d5 2. exd5 Qxd5 3. Nc3 Qd6 4. Nf3 c6 5. d4 Nf6 6. Be2 Bg4 7. h3 Bh5 8. g4 Bg6 9. Ne5 Nd5 10. Nxd5 Qxd5 11. f3 Nd7 12. Bc4 Qa5+ 13. Bd2 Qc7 14. Bf4 Nxe5 15. Bxe5 Qa5+ 16. Qd2 Qxd2+ 17. Kxd2 f6 18. Bg3 Bf7 19. Bxf7+ Kxf7 20. Rad1 e6 21. Kc1 Rd8 22. Rhe1 Bd6 23. Bxd6 Rxd6 24. Re3 h5 25. Ra3 a6 26. Rb3 Rd7 27. Re1 hxg4 28. fxg4 g5 29. Rd3 f5 30. gxf5 exf5 31. c3 Kf6 32. Rde3 g4 33. hxg4 fxg4 34. Rf1+ Kg5 35. Re5+ Kg6 36. Re6+ Kg5 37. Re5+ Kg6 1/2-1/2

[Event "FIDE Open Sachove Univerzity QCC"]
[Site "Ceske Budejovice"]
[Date "2020.07.03"]
[Round "3.18"]
[White "Kanka, Lukas"]
[Black "Gorej, Vojtech"]
[Result "1-0"]
[ECO "E30"]
[WhiteElo "1667"]
[BlackElo "1395"]
[Annotator "NA"]
[PlyCount "67"]
[EventDate "2020.07.01"]
[EventType "swiss"]
[EventCountry "CZE"]
[SourceTitle "playchess.com"]
[Source "ChessBase"]
[SourceQuality "1"]
[TimeControl "40/5400+30:1800+30"]

1. d4 Nf6 2. c4 e6 3. Nc3 Bb4 4. Bg5 h6 5. Bxf6 Qxf6 6. e4 c5 7. e5 Qe7 8. Nf3 b6 9. d5 Bb7 10. d6 Qd8 11. Bd3 Bxf3 12. Qxf3 Nc6 13. Qg3 Qg5 14. Be4 Qxg3 15. hxg3 Rc8 16. Bxc6 Rxc6 17. Rc1 f6 18. f4 f5 19. Ke2 Bxc3 20. bxc3 Kf7 21. Rb1 Rcc8 22. a4 Rb8 23. Rb5 Rb7 24. Rhb1 Rhb8 25. a5 Rc8 26. axb6 Rxb6 27. Ra1 Rxb5 28. cxb5 c4 29. Rxa7 Ke8 30. b6 Rb8 31. b7 Kf7 32. Ke3 g5 33. Kd4 Kg6 34. Kc5 1-0

[Event "FIDE Open Sachove Univerzity QCC"]
[Site "Ceske Budejovice"]
[Date "2020.07.03"]
[Round "3.19"]
[White "Smola, David"]
[Black "Svadlenka, Michal"]
[Result "0-1"]
[ECO "B77"]
[WhiteElo "1649"]
[BlackElo "1395"]
[Annotator "NA"]
[PlyCount "60"]
[EventDate "2020.07.01"]
[EventType "swiss"]
[EventCountry "CZE"]
[SourceTitle "playchess.com"]
[Source "ChessBase"]
[SourceQuality "1"]
[TimeControl "40/5400+30:1800+30"]

1. e4 c5 2. Nf3 d6 3. d4 cxd4 4. Nxd4 Nf6 5. Nc3 g6 6. Be3 Bg7 7. Bc4 O-O 8. Bb3 Nc6 9. f3 Bd7 10. O-O Rc8 11. Qd2 Na5 12. Rfd1 Nc4 13. Qe2 Nxb2 14. Rdb1 Rxc3 15. Rxb2 a6 16. Qd2 Qc7 17. Rab1 b5 18. Rd1 Rc8 19. Qf2 Qb7 20. Bd2 R3c5 21. Bb4 R5c7 22. Rbb1 Qa7 23. Kf1 a5 24. Bd2 a4 25. Bd5 Nxd5 26. Be3 Nxe3+ 27. Qxe3 Rc4 28. Nf5 Qxe3 29. Nxe3 R4c5 30. Nd5 Kf8 0-1

[Event "FIDE Open Sachove Univerzity QCC"]
[Site "Ceske Budejovice"]
[Date "2020.07.03"]
[Round "3.20"]
[White "Havelkova, Beata"]
[Black "Frnoch, Vojtech"]
[Result "1-0"]
[ECO "C09"]
[WhiteElo "1394"]
[BlackElo "1597"]
[Annotator "NA RC"]
[PlyCount "103"]
[EventDate "2020.07.01"]
[EventType "swiss"]
[EventCountry "CZE"]
[SourceTitle "playchess.com"]
[Source "ChessBase"]
[SourceQuality "1"]
[TimeControl "40/5400+30:1800+30"]

1. e4 e6 2. d4 d5 3. Nd2 c5 4. Ngf3 Nc6 5. exd5 exd5 6. Bb5 a6 7. Be2 cxd4 8. Nb3 Nf6 9. Nbxd4 h6 10. O-O Bc5 11. Nb3 Bb6 12. c3 O-O 13. Bd3 Bg4 14. Re1 Re8 15. Rxe8+ Qxe8 16. Bf4 Rd8 17. h3 Bh5 18. Be2 Ne4 19. Nbd4 Bxf3 20. Bxf3 Ne5 21. Be3 Nc4 22. Qe2 Nxe3 23. Qxe3 f5 24. Re1 Qg6 25. Qd3 Kh8 26. Kf1 Bc7 27. a3 Rf8 28. Nc2 Nxf2 29. Kxf2 Qg3+ 30. Kf1 Qh2 31. Qe3 f4 32. Qg1 Qg3 33. Qf2 Qg6 34. Nd4 Bb6 35. Qc2 Qg3 36. Qf2 Qg6 37. Qc2 Qg3 38. Qf2 Qg6 39. Bg4 Qd3+ 40. Be2 Qg6 41. Qf3 Bd8 42. Bd3 Qd6 43. Ne6 Re8 44. Nxd8 Rxd8 45. Qh5 Qf8 46. Qg6 Qg8 47. Re6 Rf8 48. Kf2 a5 49. Rb6 Rf7 50. Bf5 Re7 51. Re6 Rxe6 52. Qxe6 1-0

[Event "FIDE Open Sachove Univerzity QCC"]
[Site "Ceske Budejovice"]
[Date "2020.07.03"]
[Round "3.21"]
[White "Tajovsky, Simon"]
[Black "Svejda, Karel"]
[Result "1/2-1/2"]
[ECO "E81"]
[WhiteElo "1594"]
[BlackElo "1387"]
[Annotator "NA"]
[PlyCount "75"]
[EventDate "2020.07.01"]
[EventType "swiss"]
[EventCountry "CZE"]
[SourceTitle "playchess.com"]
[Source "ChessBase"]
[SourceQuality "1"]
[TimeControl "40/5400+30:1800+30"]

1. d4 Nf6 2. c4 g6 3. Nc3 Bg7 4. e4 d6 5. f3 O-O 6. Be3 Nbd7 7. Qd2 c5 8. d5 Qc7 9. Be2 Rd8 10. f4 Nf8 11. h3 a6 12. g4 e6 13. a4 exd5 14. cxd5 Re8 15. Qc2 Qe7 16. Bf3 Rb8 17. Qd3 b5 18. axb5 axb5 19. g5 N6d7 20. Nxb5 Bxb2 21. Ra7 Bb7 22. Qb3 Bxd5 23. Qxd5 Rxb5 24. Ne2 Reb8 25. Kf2 Qe6 26. Qd2 Nb6 27. Rd1 Nc4 28. Qd3 Nxe3 29. Qxe3 Rb3 30. Qd2 R8b6 31. e5 Qxh3 32. Bd5 Qh2+ 33. Kf1 Qh3+ 34. Kf2 Qh2+ 35. Kf1 Qh3+ 36. Kf2 Bd4+ 37. Nxd4 Qg3+ 38. Kf1 1/2-1/2

[Event "FIDE Open Sachove Univerzity QCC"]
[Site "Ceske Budejovice"]
[Date "2020.07.03"]
[Round "3.22"]
[White "Garabik, Marek"]
[Black "Veselsky, Jan"]
[Result "1/2-1/2"]
[ECO "B12"]
[WhiteElo "1363"]
[BlackElo "1580"]
[Annotator "NA"]
[PlyCount "114"]
[EventDate "2020.07.01"]
[EventType "swiss"]
[EventCountry "CZE"]
[SourceTitle "playchess.com"]
[Source "ChessBase"]
[SourceQuality "1"]
[TimeControl "40/5400+30:1800+30"]

1. e4 c6 2. d4 d5 3. e5 Bf5 4. Nf3 e6 5. c3 c5 6. Bb5+ Nc6 7. Bg5 Qb6 8. Bxc6+ Qxc6 9. Nh4 Bg6 10. Nxg6 hxg6 11. Nd2 Ne7 12. dxc5 Qxc5 13. Nb3 Qc7 14. Qe2 Nc6 15. Bf4 Be7 16. Nd4 a6 17. Rc1 g5 18. Nxc6 Qxc6 19. Be3 Qc7 20. Bd4 b5 21. Qe3 Rc8 22. O-O O-O 23. f4 gxf4 24. Qxf4 Qd8 25. Qg4 b4 26. Rf3 g6 27. Rcf1 bxc3 28. bxc3 Rc4 29. g3 Bg5 30. h4 Bd2 31. Rd3 Bh6 32. h5 Qg5 33. Qxg5 Bxg5 34. hxg6 fxg6 35. Rxf8+ Kxf8 36. Rf3+ Kg7 37. Rf2 Be7 38. Rb2 a5 39. Rb7 Kf8 40. Rb6 Kf7 41. Kf1 Ra4 42. Rb7 Ke8 43. Rb2 Ba3 44. Rf2 Be7 45. Kg2 Rc4 46. Rb2 Kd7 47. Rb7+ Rc7 48. Rb2 Bc5 49. Kh3 a4 50. Kg4 Be7 51. Kf4 Kc6 52. Rb6+ Kd7 53. Ke3 Bc5 54. Rb5 Bxd4+ 55. cxd4 Rc3+ 56. Kf4 Rd3 57. Rb4 Ra3 1/2-1/2

[Event "FIDE Open Sachove Univerzity QCC"]
[Site "Ceske Budejovice"]
[Date "2020.07.03"]
[Round "3.23"]
[White "Kaucky, Jaroslav"]
[Black "Rolinkova, Adela"]
[Result "1-0"]
[ECO "A03"]
[WhiteElo "1573"]
[BlackElo "1360"]
[Annotator "NA"]
[PlyCount "41"]
[EventDate "2020.07.01"]
[EventType "swiss"]
[EventCountry "CZE"]
[SourceTitle "playchess.com"]
[Source "ChessBase"]
[SourceQuality "1"]
[TimeControl "40/5400+30:1800+30"]

1. f4 d5 2. d4 Nf6 3. Nf3 Nc6 4. e3 Bf5 5. Bd3 Bxd3 6. Qxd3 e6 7. Nbd2 Bd6 8. c3 O-O 9. Ng5 h6 10. h4 Re8 11. Ndf3 hxg5 12. hxg5 Ne4 13. Nd2 g6 14. Nxe4 dxe4 15. Qxe4 Kg7 16. Bd2 Rh8 17. O-O-O Be7 18. c4 Qd7 19. d5 Bb4 20. Bxb4 Rxh1 21. Rxh1 1-0

[Event "FIDE Open Sachove Univerzity QCC"]
[Site "Ceske Budejovice"]
[Date "2020.07.03"]
[Round "3.24"]
[White "Chmelik, Benedikt"]
[Black "Svadlenka, Dominik"]
[Result "0-1"]
[ECO "B13"]
[WhiteElo "1571"]
[BlackElo "1350"]
[Annotator "NA"]
[PlyCount "86"]
[EventDate "2020.07.01"]
[EventType "swiss"]
[EventCountry "CZE"]
[SourceTitle "playchess.com"]
[Source "ChessBase"]
[SourceQuality "1"]
[TimeControl "40/5400+30:1800+30"]

1. e4 c6 2. d4 d5 3. exd5 cxd5 4. Nf3 Nc6 5. Bd3 Bg4 6. O-O Bxf3 7. Qxf3 Nxd4 8. Qg3 Nf6 9. Be3 Nc6 10. Nd2 e6 11. a3 h6 12. f4 h5 13. Nf3 Ng4 14. Bd2 Bc5+ 15. Kh1 Qb6 16. Be1 Qxb2 17. Bd2 Nf2+ 18. Rxf2 Bxf2 19. Qxf2 Qxa1+ 20. Ng1 Qd4 21. Be3 Qf6 22. Bb5 O-O 23. Qg3 Ne7 24. Qh3 Nf5 25. Bd2 Nd6 26. Bd3 Ne4 27. Be1 Nc5 28. Be2 Rac8 29. Qxh5 Rfd8 30. Nf3 Qg6 31. Qh4 Qh6 32. Qg4 f5 33. Qg5 Qxg5 34. Nxg5 Nd7 35. Nxe6 Re8 36. Nd4 Rxe2 37. Nxe2 Re8 38. Kg1 Rxe2 39. Kf1 Rxc2 40. h3 Nf6 41. Bf2 a6 42. Bd4 Nh5 43. Be5 d4 0-1

[Event "FIDE Open Sachove Univerzity QCC"]
[Site "Ceske Budejovice"]
[Date "2020.07.03"]
[Round "3.25"]
[White "Barta, David"]
[Black "Klimes, Roman"]
[Result "1-0"]
[ECO "D77"]
[WhiteElo "1541"]
[BlackElo "1349"]
[Annotator "NA"]
[PlyCount "69"]
[EventDate "2020.07.01"]
[EventType "swiss"]
[EventCountry "CZE"]
[SourceTitle "playchess.com"]
[Source "ChessBase"]
[SourceQuality "1"]
[TimeControl "40/5400+30:1800+30"]

1. d4 d5 2. Nf3 g6 3. g3 Bg7 4. Bg2 Nf6 5. O-O O-O 6. Nbd2 Nc6 7. c4 dxc4 8. Nxc4 Bg4 9. Be3 Nd7 10. Rc1 Nb6 11. Nce5 Bxf3 12. Nxf3 Rc8 13. Qd2 Re8 14. Rfd1 e6 15. Bf4 Re7 16. Ne5 Nxe5 17. Bxe5 Bxe5 18. dxe5 Rd7 19. Qc2 Nd5 20. Rd4 c5 21. Rc4 Nb4 22. Rxb4 cxb4 23. Qxc8 Rd1+ 24. Bf1 Qxc8 25. Rxc8+ Kg7 26. Rc7 Rd2 27. Rxb7 Rxb2 28. Rxa7 b3 29. axb3 Rxb3 30. f4 h6 31. Bh3 Rb6 32. Re7 Kf8 33. Ra7 Kg7 34. Kf2 Rb8 35. Bxe6 1-0

[Event "FIDE Open Sachove Univerzity QCC"]
[Site "Ceske Budejovice"]
[Date "2020.07.03"]
[Round "3.26"]
[White "Trcka, Bohdan"]
[Black "Dobsa, Emma"]
[Result "0-1"]
[ECO "C20"]
[WhiteElo "1528"]
[BlackElo "1345"]
[Annotator "NA"]
[PlyCount "120"]
[EventDate "2020.07.01"]
[EventType "swiss"]
[EventCountry "CZE"]
[SourceTitle "playchess.com"]
[Source "ChessBase"]
[SourceQuality "1"]
[TimeControl "40/5400+30:1800+30"]

1. e4 e5 2. Be2 Nf6 3. d3 Bc5 4. g4 d5 5. g5 Ng8 6. h4 Be6 7. Bf3 Nc6 8. c3 h6 9. b4 Be7 10. exd5 Bxd5 11. Bxd5 Qxd5 12. Qf3 O-O-O 13. Qxd5 Rxd5 14. Rh3 hxg5 15. b5 Rxb5 16. Bxg5 Bxg5 17. hxg5 Rxh3 18. Nxh3 Nge7 19. Nd2 Ng6 20. a4 Rc5 21. Ne4 Rd5 22. Kd2 Nf4 23. Nxf4 exf4 24. Rh1 Ne5 25. Rh8+ Kd7 26. d4 Nf3+ 27. Kc2 Nxg5 28. Nc5+ Kc6 29. Rb8 b6 30. Na6 Ra5 31. Nb4+ Kd7 32. Kb3 Ne4 33. Rg8 g6 34. Nd3 Rh5 35. Ne5+ Ke7 36. Rc8 Nxf2 37. Rxc7+ Ke8 38. Nxf7 Nd3 39. Nd6+ Kd8 40. Rxa7 f3 41. Nc4 f2 42. Rf7 Rh1 43. Nd2 g5 44. Kc4 Nf4 45. Rg7 Rg1 46. d5 Rd1 47. Rg8+ Kd7 48. Rg7+ Ke8 49. Rxg5 Rxd2 50. Re5+ Kd7 51. Kb5 Rxd5+ 52. Rxd5+ Nxd5 53. c4 f1=Q 54. a5 bxa5 55. Kxa5 Qa1+ 56. Kb5 Qb2+ 57. Kc5 Qb7 58. cxd5 Qc7+ 59. Kd4 Kd6 60. Ke4 Qc5 0-1

[Event "FIDE Open Sachove Univerzity QCC"]
[Site "Ceske Budejovice"]
[Date "2020.07.03"]
[Round "3.27"]
[White "Kotleska, Roman"]
[Black "Vojtek, Pavel"]
[Result "1-0"]
[ECO "D03"]
[WhiteElo "1521"]
[BlackElo "1292"]
[Annotator "NA"]
[PlyCount "83"]
[EventDate "2020.07.01"]
[EventType "swiss"]
[EventCountry "CZE"]
[SourceTitle "playchess.com"]
[Source "ChessBase"]
[SourceQuality "1"]
[TimeControl "40/5400+30:1800+30"]

1. d4 Nf6 2. Bg5 e6 3. Nf3 d5 4. e3 c5 5. Nbd2 Nc6 6. c3 Bd7 7. Bd3 c4 8. Bc2 Be7 9. O-O O-O 10. Re1 a6 11. a4 Ne8 12. Bxe7 Qxe7 13. e4 Qd8 14. e5 f6 15. Nf1 b5 16. axb5 axb5 17. Rxa8 Qxa8 18. exf6 Nxf6 19. Ng3 b4 20. Ng5 b3 21. Bb1 Qe8 22. Qe2 Nd8 23. h3 h6 24. Nf3 Nh5 25. Ne5 Nf4 26. Qg4 Nc6 27. Nxc6 Bxc6 28. Re3 Bd7 29. Qh4 Rf6 30. Ne2 Ng6 31. Qg3 Ne7 32. Rf3 Rxf3 33. Qxf3 Qf7 34. Qg3 Qf8 35. Nf4 Nf5 36. Qg6 Nh4 37. Qg4 e5 38. Qxd7 exf4 39. Qxd5+ Qf7 40. Qd8+ Qf8 41. Qxh4 Qe8 42. Kf1 1-0

[Event "FIDE Open Sachove Univerzity QCC"]
[Site "Ceske Budejovice"]
[Date "2020.07.03"]
[Round "3.28"]
[White "Kral, Ladislav"]
[Black "Gorej, Jan"]
[Result "1-0"]
[ECO "C29"]
[WhiteElo "1493"]
[BlackElo "1247"]
[Annotator "NA"]
[PlyCount "83"]
[EventDate "2020.07.01"]
[EventType "swiss"]
[EventCountry "CZE"]
[SourceTitle "playchess.com"]
[Source "ChessBase"]
[SourceQuality "1"]
[TimeControl "40/5400+30:1800+30"]

1. e4 e5 2. Nc3 Nf6 3. f4 Nc6 4. fxe5 Nxe5 5. d4 Nc6 6. e5 Ng8 7. Nf3 d5 8. Bb5 Bb4 9. O-O Nge7 10. Bg5 O-O 11. Bd3 h6 12. Bh4 Bg4 13. Be2 Qd7 14. Bf2 Ng6 15. Be3 Nce7 16. Nd2 Be6 17. Bd3 Nf5 18. Qe1 Nxe3 19. Qxe3 Rac8 20. Ne2 Be7 21. Nf3 c5 22. c3 c4 23. Bc2 f5 24. Nf4 Nxf4 25. Qxf4 g5 26. Qc1 Kg7 27. Qe1 g4 28. Nd2 h5 29. Qe2 Bh4 30. g3 Bg5 31. Rf2 Rh8 32. Raf1 Rcf8 33. b3 b5 34. b4 Rf7 35. h3 h4 36. hxg4 hxg3 37. Rg2 Rh3 38. gxf5 Bxf5 39. Bxf5 Rxf5 40. e6 Rxf1+ 41. Nxf1 Qd6 42. Qg4 1-0

[Event "FIDE Open Sachove Univerzity QCC"]
[Site "Ceske Budejovice"]
[Date "2020.07.03"]
[Round "3.29"]
[White "Finek, Vaclav"]
[Black "Bara, Jan"]
[Result "1/2-1/2"]
[ECO "C01"]
[WhiteElo "2210"]
[BlackElo "1128"]
[Annotator "ChessBase"]
[PlyCount "62"]
[EventDate "2020.07.01"]
[EventType "swiss"]
[EventCountry "CZE"]
[SourceTitle "playchess.com"]
[Source "ChessBase"]
[SourceQuality "1"]
[TimeControl "40/5400+30:1800+30"]

1. e4 e6 2. d4 d5 3. exd5 exd5 4. Bd3 Nf6 5. h3 c5 6. dxc5 Bxc5 7. Nf3 Nc6 8. O-O O-O 9. c3 Be6 10. Bg5 h6 11. Bh4 g5 12. Bg3 Ne4 13. Bxe4 dxe4 14. Ne5 Nxe5 15. Bxe5 Qxd1 16. Rxd1 Rad8 17. Na3 e3 18. fxe3 Bxe3+ 19. Kh2 Rd5 20. Rxd5 Bxd5 21. Nc2 Bb6 22. Bd4 Re8 23. Bxb6 axb6 24. Nd4 Re3 25. Rd1 Bxa2 26. Rd2 Bb1 27. Kg1 Bg6 28. Kf2 Re5 29. Kf3 Be4+ 30. Kf2 Bg6 31. Kf3 Be4+ 1/2-1/2

[Event "FIDE Open Sachove Univerzity QCC"]
[Site "Ceske Budejovice"]
[Date "2020.07.09"]
[Round "4.1"]
[White "Rychlik, Zdenek"]
[Black "Svanda, Adam"]
[Result "0-1"]
[ECO "B01"]
[WhiteElo "1701"]
[BlackElo "1870"]
[Annotator "NA RC"]
[PlyCount "106"]
[EventDate "2020.07.01"]
[EventType "swiss"]
[EventCountry "CZE"]
[TimeControl "40/5400+30:1800+30"]

1. e4 d5 2. exd5 Qxd5 3. Nc3 Qd6 4. d4 Nf6 5. h3 c6 6. Nf3 Bf5 7. Bd3 Bxd3 8. Qxd3 Nbd7 9. Be3 e6 10. O-O Be7 11. Rad1 O-O 12. Qd2 Qc7 13. a3 Bd6 14. Rfe1 Rfe8 15. Qc1 Rad8 16. Ne2 c5 17. c4 Nb6 18. b3 a6 19. dxc5 Bxc5 20. Bxc5 Qxc5 21. Ng3 h6 22. a4 Nbd7 23. Ne4 Nxe4 24. Rxe4 Nf6 25. Re3 Rd6 26. Rxd6 Qxd6 27. Re2 Rd8 28. Rd2 Qb6 29. Qc3 Ne4 30. Rxd8+ Qxd8 31. Qd4 Qxd4 32. Nxd4 Nc5 33. f4 a5 34. Kf2 f6 35. Ke3 e5 36. fxe5 fxe5 37. Nf3 Nxb3 38. Nxe5 Nc5 39. Kd4 Nxa4 40. c5 Nb2 41. Kc3 Nd1+ 42. Kb3 Ne3 43. g4 Nd5 44. Ka4 Kf8 45. Kxa5 Ke7 46. Kb5 Ke6 47. Nf3 Nf4 48. Nd4+ Kd5 49. Nf5 Nxh3 50. Nxg7 Nf2 51. Nh5 Nxg4 52. Kb6 Ne5 53. Nf4+ Kc4 0-1

[Event "FIDE Open Sachove Univerzity QCC"]
[Site "Ceske Budejovice"]
[Date "2020.07.04"]
[Round "4.1"]
[White "Skalicky, Jindrich"]
[Black "Trcka, Bohdan"]
[Result "1/2-1/2"]
[ECO "C41"]
[WhiteElo "1165"]
[BlackElo "1528"]
[Annotator "NA"]
[PlyCount "107"]
[EventDate "2020.07.01"]
[EventType "swiss"]
[EventCountry "CZE"]
[SourceTitle "playchess.com"]
[Source "ChessBase"]
[SourceQuality "1"]
[TimeControl "40/5400+30:1800+30"]

1. e4 e5 2. Nf3 d6 3. Bc4 Be6 4. Bxe6 fxe6 5. d4 exd4 6. Nxd4 e5 7. Ne6 Qe7 8. Nxf8 Qxf8 9. Qd5 Nc6 10. Qe6+ Qe7 11. Qxe7+ Ngxe7 12. Be3 O-O-O 13. O-O d5 14. exd5 Nxd5 15. a3 Nd4 16. Bxd4 exd4 17. Nd2 Nf6 18. Nf3 Rd5 19. Rfd1 c5 20. c3 dxc3 21. bxc3 Rhd8 22. Rxd5 Rxd5 23. Ne1 Ne4 24. Rc1 Rd2 25. f3 Nd6 26. Rb1 Ra2 27. Rd1 Kc7 28. Rd5 b6 29. Rg5 g6 30. h4 Nf7 31. Rg4 Rxa3 32. h5 Ne5 33. Rg5 Kd6 34. f4 Nf7 35. Rg3 gxh5 36. Rg7 Ke6 37. Rxh7 Rxc3 38. Rxh5 a5 39. Kf2 a4 40. Rh3 Rxh3 41. gxh3 Kf5 42. Kf3 c4 43. h4 b5 44. Nc2 Nd6 45. h5 c3 46. h6 Kg6 47. h7 Kxh7 48. Ke3 Kg6 49. Kd3 Kf5 50. Kxc3 Kxf4 51. Kb4 Ke4 52. Na3 Kd3 53. Nxb5 Nxb5 54. Kxa4 1/2-1/2

[Event "FIDE Open Sachove Univerzity QCC"]
[Site "Ceske Budejovice"]
[Date "2020.07.04"]
[Round "4.2"]
[White "Titera, Libor"]
[Black "Zelbova, Lada"]
[Result "1-0"]
[ECO "B85"]
[WhiteElo "1843"]
[BlackElo "1637"]
[Annotator "NA"]
[PlyCount "35"]
[EventDate "2020.07.01"]
[EventType "swiss"]
[EventCountry "CZE"]
[SourceTitle "playchess.com"]
[Source "ChessBase"]
[SourceQuality "1"]
[TimeControl "40/5400+30:1800+30"]

1. e4 c5 2. Nf3 d6 3. d4 cxd4 4. Nxd4 Nf6 5. Nc3 a6 6. Be2 e6 7. O-O Be7 8. Be3 O-O 9. f4 Nc6 10. Kh1 Qc7 11. Qd2 Rd8 12. Bf3 Bd7 13. g4 Na5 14. g5 Ne8 15. f5 Nc4 16. Qf2 Nxb2 $18 (16... Nxe3 $16 17. fxe6 (17. Qxe3 Qc5 $11) 17... Bxe6 18. Qxe3 (18. Nxe6 fxe6 19. Bg4 Nf5 $16) 18... Qc5) 17. fxe6 Kh8 18. Nd5 1-0

[Event "FIDE Open Sachove Univerzity QCC"]
[Site "Ceske Budejovice"]
[Date "2020.07.04"]
[Round "4.2"]
[White "Zezula, Matej"]
[Black "Roubal, Matyas"]
[Result "1/2-1/2"]
[ECO "B01"]
[WhiteElo "1125"]
[BlackElo "1443"]
[Annotator "NA"]
[PlyCount "158"]
[EventDate "2020.07.01"]
[EventType "swiss"]
[EventCountry "CZE"]
[SourceTitle "playchess.com"]
[Source "ChessBase"]
[SourceQuality "1"]
[TimeControl "40/5400+30:1800+30"]

1. e4 d5 2. exd5 Nf6 3. d4 Nxd5 4. c4 Nb4 5. Nf3 N8c6 6. d5 Bf5 7. Na3 e6 8. dxc6 Qxd1+ 9. Kxd1 O-O-O+ 10. Bd2 Bd3 11. Ne5 Bg6 12. cxb7+ Kxb7 13. Nxg6 hxg6 14. g3 Bc5 15. Bg2+ c6 16. Ke2 Nd3 17. Be3 Bxe3 18. Kxe3 Nxb2 19. Rab1 Rd3+ 20. Ke2 Rxa3 21. Rxb2+ Kc7 22. h3 Rc3 23. Rhb1 Rxc4 24. Rb7+ Kd6 25. Rd1+ Kc5 26. Rxf7 Rb8 27. Rd2 a5 28. Rxg7 a4 29. Rxg6 a3 30. Rg5+ Kb4 31. Rg4 Rxg4 32. hxg4 c5 33. Be4 Rg8 34. f3 c4 35. Bc2 Kc3 36. Bb1 Rb8 37. Rc2+ Kd4 38. Rc1 Rb2+ 39. Kf1 Ke3 40. Rd1 Kxf3 41. Rc1 Kxg3 42. g5 Kf4 43. g6 Rb7 44. Rxc4+ Ke5 45. Bc2 Kf6 46. Rg4 Kg7 47. Bb3 e5 48. Ke2 Rb6 49. Ke3 Rb7 50. Bf7 Rb1 51. Ra4 Rh1 52. Ra7 Rh3+ 53. Ke4 Kf6 54. Ra6+ Kg7 55. Kxe5 Rh5+ 56. Ke6 Rh3 57. Kd6 Rf3 58. Kc5 Rf5+ 59. Kb4 Rf4+ 60. Bc4 Rh4 61. Rxa3 Kxg6 62. Ra6+ Kg7 63. a4 Kf8 64. Rc6 Ke7 65. a5 Kd7 66. Rc5 Rh8 67. a6 Ra8 68. Bb5+ Kd6 69. Rc6+ Kd5 70. Rc7 Kd6 71. Rd7+ Ke6 72. a7 Rc8 73. Ka5 Ra8 74. Kb6 Rc8 75. Bc6 Rh8 76. a8=Q Rxa8 77. Rb7 Ra1 78. Bd7+ Kd6 79. Bb5 Rb1 1/2-1/2